 Dungeon Crawl Stone Soup version 0.18-a0-1109-gfc003ac (webtiles) character file.

9930 ThermosAquaticus the Carver (level 11, 0/78 HPs)
             Began as a High Elf Abyssal Knight on Jan 16, 2016.
             Was a High Priest of Lugonu.
             Slain by a skeletal warrior
             ... wielding a +0 glaive
              (18 damage)
             ... on level 11 of the Dungeon.
             The game lasted 00:52:08 (15211 turns).

ThermosAquaticus the Carver (HEAK)                 Turns: 15211, Time: 00:52:08

Health: 0/78       AC: 12    Str: 11    XL:     11   Next: 29%
Magic:  18/18      EV: 23    Int: 19    God:    Lugonu [*****.]
Gold:   514        SH:  0    Dex: 21    Spells: 0 memorised, 18 levels left

rFire  . . .     SeeInvis +     O - +3 great sword (freeze)
rCold  . . .     Gourm    .     q - +2 leather armour {MR+}
rNeg   . . .     Faith    .     (shield currently unavailable)
rPois  .         Spirit   .     z - +2 helmet {SInv}
rElec  .         Dismiss  .     u - +0 cloak
rCorr  .         Reflect  .     (no gloves)
SustAt .         Harm     .     I - +2 pair of boots
MR     ++...                    (no amulet)
Stlth  ++++......               (no ring)
                                E - +2 ring of slaying

@: agile, very resistant to hostile enchantments, stealthy
A: no striking features
a: Depart the Abyss, Bend Space, Banish, Corrupt, Enter the Abyss, Renounce
Religion


You were on level 11 of the Dungeon.
You worshipped Lugonu.
Lugonu was extremely pleased with you.
You were not hungry.

You visited 1 branch of the dungeon, and saw 11 of its levels.
You visited the Abyss 1 time.

You collected 514 gold pieces.

Inventory:

Hand Weapons
 a - a +2 scimitar
 b - a +0 blowgun
 O - a +3 great sword of freezing (weapon)
Missiles
 J - 6 poisoned needles
Armour
 q - a +2 leather armour of magic resistance (worn)
 u - a +0 cloak (worn)
 z - a +2 helmet of see invisible (worn)
 B - a troll hide
 F - a +0 buckler
 I - a +2 pair of boots (worn)
 N - a +2 ring mail of cold resistance
Jewellery
 x - an uncursed ring of teleportation
 E - a +2 ring of slaying (left hand)
Wands
 w - a wand of fire (0/15)
 P - a wand of slowing (35/48)
Scrolls
 d - 6 scrolls of remove curse
 f - 4 scrolls of fog
 h - 2 scrolls of amnesia
 i - a scroll of immolation
 m - a scroll of teleportation {unknown}
 n - 2 scrolls of blinking
 t - a scroll of enchant weapon {unknown}
 y - 2 scrolls of random uselessness {unknown}
 G - a scroll of noise {unknown}
 H - a scroll of enchant armour
 K - a scroll of recharging {unknown}
Potions
 g - 2 potions of might
 j - 2 potions of brilliance
 k - a potion of cancellation
 l - a potion of flight
 o - a potion of cure mutation
 p - a potion of invisibility
 s - a potion of curing
 C - a potion of mutation
 M - a potion of berserk rage {unknown}
Books
 v - a book of the Earth

   Spells                             Type                      Level
   a - Leda's Liquefaction            Hexes/Earth                  4
   b - Bolt of Magma                  Conjuration/Fire/Earth       5
   c - Statue Form                    Transmutation/Earth          6
   d - Iron Shot                      Conjuration/Earth            6
   e - Shatter                        Earth                        9
 A - a book of Transfigurations

   Spells                             Type                      Level
   a - Stoneskin                      Transmutation/Earth          2
   b - Irradiate                      Conjuration/Transmutation    5
   c - Statue Form                    Transmutation/Earth          6
   d - Hydra Form                     Transmutation                6
   e - Dragon Form                    Transmutation                7
Comestibles
 c - 11 bread rations
 D - 5 meat rations
 L - 6 beef jerkies
 Q - a chunk of flesh


   Skills:
 - Level 8.6 Fighting
 - Level 14.1 Long Blades
 + Level 2.4 Armour
 + Level 7.6 Dodging
 - Level 4.8 Stealth
 - Level 4.1 Spellcasting
 - Level 5.1 Invocations


You had 18 spell levels left.
You didn't know any spells.

Dungeon Overview and Level Annotations

Branches:
Dungeon (11/15)            Temple (0/1) D:7            Lair (0/8) D:11
    Orc: D:9-12

Altars:
Dithmenos
Elyvilon
Fedhas
Gozag
Kikubaaqudgha
Makhleb
Nemelex Xobeh
Okawaru
Ru
Trog
Vehumet
Xom
Yredelemnul
The Shining One

Shops:
D:7 :

Annotations:
D:10 4 runed doors
Abyss:1 Maurice


Message History

The skeletal warrior is severely damaged.
The skeletal warrior hits you with a glaive!!
You closely miss the skeletal warrior.
The skeletal warrior is severely damaged.
You closely miss the skeletal warrior.
The skeletal warrior is severely damaged.
The skeletal warrior hits you with a glaive!
* * * LOW HITPOINT WARNING * * *
Drink which item? (? for menu, Esc to quit)
You feel better. The skeletal warrior barely misses you.
Drink which item? (? for menu, Esc to quit)
You feel agile all of a sudden.
You hit the skeletal warrior but do no damage.
The skeletal warrior is severely damaged.
The skeletal warrior hits you with a glaive!
* * * LOW HITPOINT WARNING * * *
You hit the skeletal warrior but do no damage.
The skeletal warrior is severely damaged.
The skeletal warrior hits you with a glaive!!
You die...

#...................#
#.#.............>.....#
#.#...................# #
#.#.......)...........### #.
#.#######....##.........#
#!.######.#######)...######.....#
................')...............
..........##.####........########
...........((..z@........# #
......######.####........# #
...... #.# ###......# ...... #..
........# ...... #... .........#
...... #.............# ....z.
+..........#### ....(. #...... .#


You could see a skeletal warrior.

Vanquished Creatures
  The ghost of xgamer67 the Covert, a novice OpAr of Ashenzari (D:8)
  2 hill giants
  2 gargoyles
  A troll (D:9)
  15 yaks
  Edmund (D:4)
  2 ice beasts (D:7)
  4 black bears
  3 orc warriors
  3 sky beasts
  A phantom (D:4)
  3 ogres
  3 centaurs
  3 big kobolds
  5 giant frogs
  2 scorpions
  10 killer bees
  10 wights
  3 crimson imps
  A giant frog zombie (D:6)
  5 hounds
  Crazy Yiuf (D:4)
  A giant frog skeleton (D:9)
  2 jellies
  8 orc priests
  3 centaur skeletons
  2 iguanas
  A worker ant (D:6)
  Natasha (thrice) (D:3)
  16 orc wizards
  A hound skeleton (D:6)
  4 gnolls (D:8)
  13 adders
  4 shadow imps
  3 oozes
  4 worms
  6 giant geckos
  31 orcs
  4 giant cockroaches
  7 goblins
  3 hobgoblins (D:1)
  10 jackals
  16 kobolds
  4 quokkas
  3 ball pythons
  4 bats
  A giant gecko zombie (D:5)
  4 giant newts
  A jackal skeleton (D:4)
  7 rats
247 creatures vanquished.

Vanquished Creatures (others)
  A hydra (D:11)
  A wizard (D:3)
  A centaur (D:6)
  A scorpion (D:7)
  The ghost of 4thArraOfDagon the Agent of Entropy, a weakling DsAK of Lugonu (D:4)
  5 wights (D:7)
10 creatures vanquished.

Grand Total: 257 creatures vanquished

Notes
Turn   | Place    | Note
--------------------------------------------------------------
     0 | Abyss:1  | ThermosAquaticus the High Elf Abyssal Knight began the quest for the Orb.
     0 | Abyss:1  | Reached XP level 1. HP: 16/16 MP: 3/3
    39 | D:1      | Escaped the Abyss
   367 | D:1      | Reached XP level 2. HP: 21/21 MP: 4/4
  1060 | D:1      | Reached skill level 4 in Long Blades
  1060 | D:1      | Reached XP level 3. HP: 17/26 MP: 5/5
  1061 | D:1      | Reached ** piety under Lugonu
  1602 | D:2      | Reached skill level 5 in Long Blades
  1990 | D:2      | Reached XP level 4. HP: 26/31 MP: 6/6
  2932 | D:3      | Found a bloodstained altar of Trog.
  2933 | D:3      | Noticed a wizard
  2938 | D:3      | Killed a wizard
  3144 | D:3      | Noticed Natasha
  3152 | D:3      | Killed Natasha
  3152 | D:3      | Reached skill level 6 in Long Blades
  3152 | D:3      | Reached XP level 5. HP: 31/36 MP: 7/7
  3484 | D:3      | Noticed Natasha
  3530 | D:3      | Killed Natasha
  3530 | D:3      | Reached skill level 7 in Long Blades
  3756 | D:3      | Noticed Natasha
  3760 | D:3      | Killed Natasha
  3993 | D:4      | Noticed Crazy Yiuf
  4007 | D:4      | Killed Crazy Yiuf
  4142 | D:4      | Reached XP level 6. HP: 37/42 MP: 8/8
  4157 | D:4      | Reached *** piety under Lugonu
  4475 | D:4      | Noticed Edmund
  4507 | D:4      | Killed Edmund
  4507 | D:4      | Reached skill level 8 in Long Blades
  4758 | D:4      | Noticed 4thArraOfDagon's ghost (weakling DsAK)
  4759 | D:4      | Banished 4thArraOfDagon's ghost
  4934 | D:4      | Found a basalt altar of Yredelemnul.
  5246 | D:4      | Reached skill level 9 in Long Blades
  5246 | D:4      | Reached XP level 7. HP: 16/46 MP: 9/9
  5553 | D:5      | Entered Level 5 of the Dungeon
  6220 | D:5      | Found a blossoming altar of Fedhas.
  6297 | D:5      | Found a bloodstained altar of Trog.
  6446 | D:5      | Found a shimmering altar of Xom.
  6464 | D:5      | Found a sacrificial altar of Ru.
  6601 | D:6      | Reached skill level 10 in Long Blades
  6661 | D:6      | Reached XP level 8. HP: 48/52 MP: 11/11
  7415 | D:6      | Noticed a hill giant
  7451 | D:5      | HP: 1/52 [wight/enchanted dire flail (3)]
  7456 | D:5      | Killed a hill giant
  7456 | D:5      | Reached skill level 11 in Long Blades
  7456 | D:5      | Reached skill level 5 in Invocations
  7921 | D:6      | Reached skill level 12 in Long Blades
  8099 | D:6      | Reached XP level 9. HP: 50/57 MP: 13/13
  8461 | D:7      | Found an opulent altar of Gozag.
  8536 | D:7      | Reached **** piety under Lugonu
  8630 | D:7      | Reached skill level 5 in Dodging
  9139 | D:6      | Reached skill level 5 in Fighting
  9289 | D:7      | Found a staircase to the Ecumenical Temple.
  9431 | D:7      | Found Yngunosk's Book Shoppe.
 10330 | D:8      | Found a white marble altar of Elyvilon.
 10375 | D:8      | Reached XP level 10. HP: 54/71 MP: 14/14
 10376 | D:8      | Noticed a gargoyle
 10398 | D:8      | Reached ***** piety under Lugonu
 10535 | D:8      | Found a radiant altar of Vehumet.
 10539 | D:8      | Found an iron altar of Okawaru.
 10551 | D:8      | Found a glowing golden altar of the Shining One.
 10584 | D:8      | Killed a gargoyle
 10707 | D:8      | Found a sparkling altar of Nemelex Xobeh.
 10731 | D:8      | Found a shadowy altar of Dithmenos.
 10848 | D:8      | Noticed xgamer67's ghost (novice OpAr)
 10861 | D:8      | Killed xgamer67's ghost
 10955 | D:8      | Found a burning altar of Makhleb.
 11122 | D:8      | Found an ancient bone altar of Kikubaaqudgha.
 11736 | D:9      | Reached skill level 1 in Spellcasting
 11872 | D:9      | Noticed Maurice
 12293 | D:9      | Banished Maurice
 12293 | D:9      | Reached skill level 13 in Long Blades
 12374 | D:10     | Entered Level 10 of the Dungeon
 12476 | D:10     | Reached skill level 1 in Stealth
 13438 | D:9      | Reached XP level 11. HP: 55/78 MP: 18/18
 13623 | D:10     | Noticed a hill giant
 13644 | D:10     | Killed a hill giant
 14164 | D:10     | Found a huge runed gate.
 14165 | D:10     | Found a huge runed gate.
 14166 | D:10     | Found a huge runed gate.
 14166 | D:10     | Noticed a death yak
 14167 | D:10     | Found a huge runed gate.
 14232 | D:11     | Noticed a skeletal warrior
 14232 | D:11     | Noticed a skeletal warrior
 14498 | D:11     | Found a staircase to the Lair.
 14509 | D:11     | Noticed a four-headed hydra
 14510 | D:11     | Banished a four-headed hydra
 14510 | D:11     | Reached skill level 14 in Long Blades
 14577 | D:11     | Reached skill level 1 in Armour
 15167 | D:11     | Noticed a skeletal warrior
 15211 | D:11     | Slain by a skeletal warrior

Vault maps used:
D:1:      lightli_arrival_flooded_house
D:2:      hangedman_decor_riveting
D:3:      trog_wizard, uniq_natasha
D:4:      yredelemnul_altar_generic, first_bread, uniq_edmund,
          uniq_crazy_yiuf_cottage
D:5:      nicolae_ru_the_path_less_chosen, fedhas_altar_4, marbit_many_paths,
          basic_altar
D:7:      old_standard_altar, lemuel_temple_firewalk, serial_shops, shop,
          dk_noncrumbling_2
D:8:      lightli_temple_of_fire, overflow_temple_1_default,
          nicolae_overflow_crystal_walls, overflow_temple_1_default,
          old_standard_altar, minmay_overflow_temple_star_quad, grunt_ogre_cave,
          serial_bayou_pond_e
D:9:      patterned_corridor, uniq_maurice
D:10:     lemuel_bear_cage
D:11:     lair_0_dummy
Abyss:1:  minivault_28

Action                   |  1- 3 |  4- 6 |  7- 9 | 10-12 || total
-------------------------+-------+-------+-------+-------++-------
Melee: Falchion          |   112 |   186 |    98 |       ||   396
       Scimitar          |       |       |   227 |   274 ||   501
       Great sword       |       |       |       |    62 ||    62
 Fire: Blowgun           |       |    33 |    64 |     7 ||   104
Throw: Javelin           |       |       |       |    18 ||    18
Invok: Banish            |       |     1 |     1 |     2 ||     4
Evoke: Wand              |       |     2 |       |       ||     2
  Use: Scroll            |     4 |     5 |     9 |     3 ||    21
       Potion            |       |     2 |     2 |     3 ||     7
 Stab: Sleeping          |       |       |     1 |     2 ||     3
  Eat: Chunk             |     2 |    11 |    13 |    14 ||    40
       Bread ration      |       |       |     1 |       ||     1
       Royal jelly       |       |       |       |     1 ||     1
